TOP OF THE 1ST |
---|
So Cal Bruins batting - Pitching for Maui Tropics : RHP Júlio González | Pitching: RHP Júlio González | | Batting: SHB Ken Hernández | 0-0: Ball 1-0: Ground out 3-1 (Groundball, 34S) | Batting: LHB Patrick Osborne | 0-0: Called Strike 0-1: Called Strike 0-2: Ball 1-2: Ball 2-2: Foul Ball, location: 2F 2-2: Strikes out looking | Batting: LHB José Antonio Santiago | 0-0: Called Strike 0-1: Swinging Strike 0-2: Ball 1-2: Ball 2-2: Foul Ball, location: 2F 2-2: Ball 3-2: SINGLE (Line Drive, 34D) | Batting: RHB Rubén Calderón | 0-0: Foul Ball, location: 2F 0-1: SINGLE (Groundball, 6MD) José Antonio Santiago to second Runner from 2nd tries for 3rd, OUT! | Top of the 1st over - 0 runs, 2 hits, 0 errors, 1 left on base; So Cal 0 - Maui 0 | BOTTOM OF THE 1ST |
---|
Maui Tropics batting - Pitching for So Cal Bruins : LHP Ramiro Jiménez | Pitching: LHP Ramiro Jiménez | | Batting: RHB Roberto Gómez | 0-0: Ball 1-0: Fly out, F9 (Flyball, 9) | Batting: RHB Matt Silver | 0-0: Ball 1-0: Foul Ball, location: 2F 1-1: Swinging Strike 1-2: Fly out, F5 (Popup, 5SF) | Batting: RHB Jesús Espinoza | 0-0: DOUBLE (Flyball, 89XD) | Batting: RHB Luis Alou | 0-0: Called Strike 0-1: Swinging Strike 0-2: Strikes out swinging | Bottom of the 1st over - 0 runs, 1 hit, 0 errors, 1 left on base; So Cal 0 - Maui 0 | TOP OF THE 2ND |
---|
So Cal Bruins batting - Pitching for Maui Tropics : RHP Júlio González | Batting: LHB Paco Rivera | 0-0: Ball 1-0: Ball 2-0: Ball 3-0: Called Strike 3-1: Foul Ball, location: 2F 3-2: Base on Balls | Batting: RHB Eugene Gill | 0-0: Ball 1-0: Swinging Strike 1-1: Swinging Strike 1-2: Ball 2-2: Ball 3-2: DOUBLE (Flyball, 89D) Paco Rivera to third | Batting: LHB Phil Smith | 0-0: Ball Wild Pitch! Paco Rivera scores Eugene Gill to third 1-0: Swinging Strike 1-1: Foul Ball, location: 2F 1-2: SINGLE (Line Drive, 89S) Eugene Gill scores | Batting: SHB Chris Woods | 0-0: SINGLE (Groundball, 34D) Phil Smith to second Runner from 2nd tries for 3rd, SAFE, throw made to third | Batting: RHB Gerardo Escobedo | 0-0: Ball 1-0: Called Strike 1-1: Ball 2-1: Foul Ball, location: 2F 2-2: Foul Ball, location: 2F 2-2: Foul Ball, location: 2F 2-2: Ground out U3 (Groundball, 3S) Phil Smith scores Chris Woods to second | Batting: SHB Ken Hernández | 0-0: Ball 1-0: Called Strike 1-1: Ground out 4-3 (Groundball, 34D) Chris Woods to third | Batting: LHB Patrick Osborne | 0-0: SINGLE (Groundball, 4MD) Chris Woods scores | Batting: LHB José Antonio Santiago | 0-0: Ball 1-0: Swinging Strike 1-1: Ball 2-1: Called Strike 2-2: Foul Ball, location: 2F 2-2: Ball 3-2: Ground out 4-3 (Groundball, 4) | Top of the 2nd over - 4 runs, 4 hits, 0 errors, 1 left on base; So Cal 4 - Maui 0 | BOTTOM OF THE 2ND |
---|
Maui Tropics batting - Pitching for So Cal Bruins : LHP Ramiro Jiménez | Batting: LHB Luis Antonio Torres | 0-0: Ball 1-0: SINGLE (Line Drive, 56D) | Batting: RHB Ximena Campos | 0-0: Ball 1-0: Called Strike 1-1: Ball 2-1: Fielders Choice at 2nd, 3-6 (Groundball, 3) | Batting: LHB José Rivas | 0-0: Foul Ball, location: 2F 0-1: Swinging Strike 0-2: Ball 1-2: Strikes out swinging | Batting: LHB Mike Pearson | 0-0: Ball 1-0: Ball 2-0: Called Strike 2-1: Swinging Strike 2-2: Ball 3-2: Base on Balls Ximena Campos to second | Batting: LHB Don Hull | 0-0: Ball 1-0: Ball 2-0: Ground out 6-3 (Groundball, 6M) | Bottom of the 2nd over - 0 runs, 1 hit, 0 errors, 2 left on base; So Cal 4 - Maui 0 | TOP OF THE 3RD |
---|
So Cal Bruins batting - Pitching for Maui Tropics : RHP Júlio González | Batting: RHB Rubén Calderón | 0-0: Ball 1-0: Fly out, F8 (Flyball, 8RXD) | Batting: LHB Paco Rivera | 0-0: Ball 1-0: Fly out, F3 (Line Drive, 3) | Batting: RHB Eugene Gill | 0-0: Ball 1-0: Fly out, F5 (Flyball, 56D) | Top of the 3rd over - 0 runs, 0 hits, 0 errors, 0 left on base; So Cal 4 - Maui 0 | BOTTOM OF THE 3RD |
---|
Maui Tropics batting - Pitching for So Cal Bruins : LHP Ramiro Jiménez | Batting: RHB Roberto Gómez | 0-0: Ball 1-0: Foul Ball, location: 2F 1-1: Ground out 6-3 (Groundball, 6) | Batting: RHB Matt Silver | 0-0: Called Strike 0-1: Ball 1-1: Ball 2-1: Called Strike 2-2: Strikes out swinging | Batting: RHB Jesús Espinoza | 0-0: Called Strike 0-1: Ball 1-1: Ball 2-1: Ball 3-1: Foul Ball, location: 2F 3-2: Foul Ball, location: 2F 3-2: Ground out 6-3 (Groundball, 6) | Bottom of the 3rd over - 0 runs, 0 hits, 0 errors, 0 left on base; So Cal 4 - Maui 0 | TOP OF THE 4TH |
---|
So Cal Bruins batting - Pitching for Maui Tropics : RHP Júlio González | Batting: LHB Phil Smith | 0-0: Foul Ball, location: 2F 0-1: SINGLE (Flyball, 8RS) | Batting: SHB Chris Woods | 0-0: Called Strike 0-1: SINGLE (Flyball, 9LS) Phil Smith to second Runner from 2nd tries for 3rd, SAFE, throw made to third | Batting: RHB Gerardo Escobedo | 0-0: Called Strike 0-1: Ball 1-1: DOUBLE (Flyball, 8RXD) Phil Smith scores Chris Woods to third Runner from 3rd tries for Home, SAFE, no throw | Pitching: RHP Luis De Los Ángeles | | Pinch Runner at 2nd Lawrence Schroeder: | | Batting: SHB Ken Hernández | 0-0: SINGLE (Groundball, 6MD) Lawrence Schroeder to third Runner from 3rd tries for Home, SAFE, throw made home | Batting: LHB Patrick Osborne | 0-0: Ball 1-0: Ground out 6-3 (Groundball, 6S) Ken Hernández to second | Batting: LHB José Antonio Santiago | 0-0: Called Strike 0-1: Ball 1-1: Ball 2-1: SINGLE (Groundball, 6MD) Ken Hernández to third | Batting: RHB Rubén Calderón | 0-0: Ball 1-0: SINGLE (Flyball, 7S) Ken Hernández scores José Antonio Santiago to second | Batting: LHB Paco Rivera | 0-0: Ball 1-0: Ball 2-0: Grounds into double play, 4-6-3 (Groundball, 4) | Top of the 4th over - 4 runs, 6 hits, 0 errors, 1 left on base; So Cal 8 - Maui 0 | BOTTOM OF THE 4TH |
---|
Maui Tropics batting - Pitching for So Cal Bruins : LHP Ramiro Jiménez | Now at 3B: Lawrence Schroeder | | Batting: RHB Luis Alou | 0-0: Reached on error, E1 (Line Drive, 13) | Batting: LHB Luis Antonio Torres | 0-0: Grounds into double play, 5-4-3 (Groundball, 5) | Batting: RHB Ximena Campos | 0-0: Called Strike 0-1: Ball 1-1: Ball 2-1: Fly out, F8 (Flyball, 8RXD) | Bottom of the 4th over - 0 runs, 0 hits, 1 error, 0 left on base; So Cal 8 - Maui 0 | TOP OF THE 5TH |
---|
So Cal Bruins batting - Pitching for Maui Tropics : RHP Luis De Los Ángeles | Batting: RHB Eugene Gill | 0-0: Called Strike 0-1: Fly out, F4 (Line Drive, 4M) | Batting: LHB Phil Smith | 0-0: Foul Ball, location: 2F 0-1: Called Strike 0-2: Ball 1-2: Ball 2-2: Foul Ball, location: 2F 2-2: Foul Ball, location: 2F 2-2: Foul Ball, location: 2F 2-2: Ball 3-2: Strikes out swinging, 2-3 out at first. | Batting: SHB Chris Woods | 0-0: Ball 1-0: Called Strike 1-1: Ball 2-1: Ball 3-1: Swinging Strike 3-2: Foul Ball, location: 2F 3-2: Base on Balls | Batting: RHB Lawrence Schroeder | 0-0: Called Strike 0-1: Fly out, F9 (Flyball, 9S) | Top of the 5th over - 0 runs, 0 hits, 0 errors, 1 left on base; So Cal 8 - Maui 0 | BOTTOM OF THE 5TH |
---|
Maui Tropics batting - Pitching for So Cal Bruins : LHP Ramiro Jiménez | Pitching: RHP Jerry Good | | Batting: LHB José Rivas | 0-0: Ball 1-0: Ball 2-0: Called Strike 2-1: Swinging Strike 2-2: Strikes out swinging | Batting: LHB Mike Pearson | 0-0: Called Strike 0-1: Called Strike 0-2: Ball 1-2: Strikes out swinging | Batting: LHB Don Hull | 0-0: Called Strike 0-1: Ball 1-1: Swinging Strike 1-2: Ball 2-2: Ground out 6-3 (Groundball, 6) | Bottom of the 5th over - 0 runs, 0 hits, 0 errors, 0 left on base; So Cal 8 - Maui 0 | TOP OF THE 6TH |
---|
So Cal Bruins batting - Pitching for Maui Tropics : RHP Luis De Los Ángeles | Pinch Hitting: LHB Jesús Campos | 0-0: DOUBLE (Flyball, 8RXD) | Pinch Hitting: LHB Jeff Carter | 0-0: Foul Ball, location: 2F 0-1: Foul Ball, location: 2F 0-2: 2-RUN HOME RUN (Flyball, 9D), Distance : 390 ft | Batting: LHB José Antonio Santiago | 0-0: Ball 1-0: Ball 2-0: Ball 3-0: SINGLE (Groundball, 34D) | Batting: RHB Rubén Calderón | 0-0: Ball José Antonio Santiago steals 2nd base 1-0: Ball 2-0: Called Strike 2-1: Called Strike 2-2: Foul Ball, location: 2F 2-2: Strikes out swinging | Pinch Hitting: LHB Sammy Marshall | 0-0: Ball José Antonio Santiago steals 3rd base 1-0: Ball 2-0: Fly out, F9 (Flyball, 9) Runner from 3rd tags up, OUT at HOME | Top of the 6th over - 2 runs, 3 hits, 0 errors, 0 left on base; So Cal 10 - Maui 0 | BOTTOM OF THE 6TH |
---|
Maui Tropics batting - Pitching for So Cal Bruins : RHP Jerry Good | Now at 1B: Jesús Campos | | Now at 2B: Jeff Carter | | Now in LF: Sammy Marshall | | Batting: RHB Roberto Gómez | 0-0: Ball 1-0: Called Strike 1-1: Ball 2-1: Ball 3-1: Base on Balls | Batting: RHB Matt Silver | 0-0: Ball 1-0: Called Strike Roberto Gómez is caught stealing 2nd base 1-1: Swinging Strike 1-2: Ball 2-2: SINGLE (Line Drive, 8LM) | Pitching: RHP Terry Adams | | Batting: RHB Jesús Espinoza | 0-0: Foul Ball, location: 2F 0-1: Swinging Strike 0-2: Fly out, F5 (Popup, 5SF) | Batting: RHB Luis Alou | 0-0: SINGLE (Groundball, 4D) Matt Silver to second Runner from 2nd tries for 3rd, OUT! | Bottom of the 6th over - 0 runs, 2 hits, 0 errors, 1 left on base; So Cal 10 - Maui 0 | TOP OF THE 7TH |
---|
So Cal Bruins batting - Pitching for Maui Tropics : RHP Luis De Los Ángeles | Pitching: RHP Cliff Erwin | | Pinch Hitting: RHB Javier Deleón | 0-0: Ball 1-0: Called Strike 1-1: Ball 2-1: Foul Ball, location: 2F 2-2: Ball 3-2: Strikes out swinging | Pinch Hitting: RHB Pedro Mata | 0-0: Swinging Strike 0-1: Ground out 6-3 (Groundball, 56) | Batting: SHB Chris Woods | 0-0: Called Strike 0-1: Ground out 4-3 (Groundball, 4D) | Top of the 7th over - 0 runs, 0 hits, 0 errors, 0 left on base; So Cal 10 - Maui 0 | BOTTOM OF THE 7TH |
---|
Maui Tropics batting - Pitching for So Cal Bruins : RHP Terry Adams | Now at SS: Javier Deleón | | Now in CF: Pedro Mata | | Batting: LHB Luis Antonio Torres | 0-0: Called Strike 0-1: Swinging Strike 0-2: Ball 1-2: Ball 2-2: Fly out, F7 (Line Drive, 7D) | Batting: RHB Ximena Campos | 0-0: Ball 1-0: Fly out, F4 (Popup, 4) | Batting: LHB José Rivas | 0-0: Ball 1-0: Swinging Strike 1-1: Swinging Strike 1-2: Ball 2-2: Ball 3-2: Strikes out looking | Bottom of the 7th over - 0 runs, 0 hits, 0 errors, 0 left on base; So Cal 10 - Maui 0 | TOP OF THE 8TH |
---|
So Cal Bruins batting - Pitching for Maui Tropics : RHP Cliff Erwin | Batting: RHB Lawrence Schroeder | 0-0: Ball 1-0: Called Strike 1-1: Ball 2-1: Foul Ball, location: 2F 2-2: Strikes out swinging | Batting: LHB Jesús Campos | 0-0: Ball 1-0: Ball 2-0: Foul Ball, location: 2F 2-1: SINGLE (Popup, 4D) | Batting: LHB Jeff Carter | 0-0: Fly out, F7 (Flyball, 78S) | Batting: LHB José Antonio Santiago | 0-0: Foul Ball, location: 2F 0-1: Ball 1-1: SINGLE (Flyball, 3D) Jesús Campos to second Runner from 2nd tries for 3rd, SAFE, throw made to third | Batting: RHB Rubén Calderón | 0-0: Called Strike 0-1: 3-RUN HOME RUN (Flyball, 9D), Distance : 400 ft | Batting: LHB Sammy Marshall | 0-0: Ball 1-0: Foul Ball, location: 2F 1-1: Foul Ball, location: 2F 1-2: SINGLE (Flyball, 9LS) | Batting: RHB Javier Deleón | 0-0: Ball 1-0: Ball 2-0: Called Strike 2-1: Fielders Choice at 2nd, 6-4 (Groundball, 6) | Top of the 8th over - 3 runs, 4 hits, 0 errors, 1 left on base; So Cal 13 - Maui 0 | BOTTOM OF THE 8TH |
---|
Maui Tropics batting - Pitching for So Cal Bruins : RHP Terry Adams | Batting: LHB Mike Pearson | 0-0: Ball 1-0: Ground out 4-3 (Groundball, 4M) | Batting: LHB Don Hull | 0-0: Ball 1-0: Swinging Strike 1-1: Ball 2-1: Called Strike 2-2: Strikes out looking | Pinch Hitting: LHB Dave Cook | 0-0: Swinging Strike 0-1: Ball 1-1: Fly out, F8 (Flyball, 8LS) | Bottom of the 8th over - 0 runs, 0 hits, 0 errors, 0 left on base; So Cal 13 - Maui 0 | TOP OF THE 9TH |
---|
So Cal Bruins batting - Pitching for Maui Tropics : RHP Cliff Erwin | Now in RF: Dan Dunn | | Batting: RHB Pedro Mata | 0-0: Foul Ball, location: 2F 0-1: Foul Ball, location: 2F 0-2: Strikes out looking | Pinch Hitting: RHB Earl Wiggins | 0-0: DOUBLE (Line Drive, 8LXD) | Batting: RHB Lawrence Schroeder | 0-0: Ball 1-0: Foul Ball, location: 2F 1-1: Foul Ball, location: 2F 1-2: DOUBLE (Line Drive, 9LM) Earl Wiggins scores | Batting: LHB Jesús Campos | 0-0: Called Strike 0-1: Called Strike 0-2: Strikes out looking | Batting: LHB Jeff Carter | 0-0: Called Strike 0-1: Ball 1-1: Ball 2-1: Foul Ball, location: 2F 2-2: Ball 3-2: Base on Balls | Batting: LHB José Antonio Santiago | 0-0: Ball 1-0: Ball 2-0: Ball 3-0: Base on Balls Lawrence Schroeder to third Jeff Carter to second | Batting: RHB Rubén Calderón | 0-0: Foul Ball, location: 2F 0-1: Called Strike 0-2: Ball 1-2: SINGLE (Groundball, 56D) Lawrence Schroeder scores Jeff Carter to third José Antonio Santiago to second Runner from 3rd tries for Home, SAFE, throw made home | Batting: LHB Sammy Marshall | 0-0: Ball 1-0: Called Strike 1-1: Fly out, F9 (Flyball, 9LMF) | Top of the 9th over - 3 runs, 3 hits, 0 errors, 2 left on base; So Cal 16 - Maui 0 | BOTTOM OF THE 9TH |
---|
Maui Tropics batting - Pitching for So Cal Bruins : RHP Terry Adams | Now at C: Earl Wiggins | | Batting: RHB Matt Silver | 0-0: Fly out, F7 (Flyball, 7LS) | Pinch Hitting: RHB Lonson Seals | 0-0: Ball 1-0: Ball 2-0: Called Strike 2-1: SINGLE (Line Drive, 8RM) | Pinch Hitting: RHB Michael Woodruff | 0-0: Ball 1-0: Ball 2-0: Foul Ball, location: 2F 2-1: Ball 3-1: Foul Ball, location: 2F 3-2: Foul Ball, location: 2F 3-2: Base on Balls Lonson Seals to second | Pinch Hitting: LHB Ernesto López | 0-0: Ball 1-0: Ball 2-0: Foul Ball, location: 2F 2-1: Swinging Strike 2-2: Fly out, F8 (Flyball, 78XD) Runner from 2nd tags up, SAFE at 3rd, no throw | Pinch Hitting: LHB Mark Everett | 0-0: Called Strike 0-1: Ball 1-1: Ball 2-1: Fly out, F7 (Flyball, 7S) | Bottom of the 9th over - 0 runs, 1 hit, 0 errors, 2 left on base; So Cal 16 - Maui 0 | |